Toronto Maple Leafs vs Anaheim Ducks

Created - Thursday, February 19, 2026 at 09:26

Goals
1 2 3 T
Toronto Maple Leafs 0 1 1 2
Anaheim Ducks 0 3 1 4
Shots
1 2 3 T
Toronto Maple Leafs 9 13 9 31
Anaheim Ducks 16 21 9 46

1st period

No Goal

Penalties :
Brayden Schenn (ANH) for Tripping (Minor) at 10:04, Esa Lindell (ANH) for Interference (Minor) at 12:48

2nd period

1. Toronto Maple Leafs , Mackie Samoskevich 5 (Nicolas Roy 9) at 8:24
2. Anaheim Ducks , Conor Geekie 1 (Parker Kelly 2, Joshua Morrissey 10) at 12:27
3. Anaheim Ducks , Brayden Schenn 11 (Morgan Rielly 21) at 12:49 (PP)
4. Anaheim Ducks , Conor Geekie 2 (Parker Kelly 3, Will Cuylle 6) at 18:33

Penalties :
Aaron Ekblad (TOR) for Roughing (Minor) at 5:20, Mason Marchment (ANH) for Tripping (Minor) at 9:07, Sam Bennett (TOR) for Tripping (Minor) at 12:38

3rd period

5. Toronto Maple Leafs , Sam Bennett 12 (Quinton Byfield 15) at 12:58 (PP)
6. Anaheim Ducks , Alex Killorn 4 (Morgan Rielly 22) at 19:34 (Empty Net)

Penalties :
Mario Ferraro (TOR) for Tripping (Minor) at 1:25, Brayden Schenn (ANH) for High sticking (Minor) at 4:23, Bowen Byram (TOR) for Holding Stick (Minor) at 7:04, Will Cuylle (ANH) for Tripping (Minor) at 11:51, Brayden Schenn (ANH) for Goalie Interference (Minor) at 15:57

Goalie Stats

Frederik Andersen (TOR), 20 saves from 20 shots - (1.000), 23:58 minutes
Matt Murray (TOR), 22 saves from 25 shots - (0.880), L, 4-4-2, 35:03 minutes
Linus Ullmark (ANH), 29 saves from 31 shots - (0.935), W, 16-4-1, 60:00 minutes

Players Stats for Toronto Maple Leafs

Player Name              G  A  P  +/- PIM S  H  SB GA TA FO     MP     PP MP  PK MP  
------------------------------------------------------------------------------------
Aaron Ekblad             0  0  0   0  2   0  2  1  1  1  0/0    23:46   5:45   1:51 
Bowen Byram              0  0  0   0  2   1  0  3  0  2  0/0    24:47   5:45   2:01 
Brady Tkachuk            0  0  0  -1  0   2  1  1  0  0  0/0    18:37   5:28   0:03 
Brandon Saad             0  0  0  -2  0   1  0  1  1  0  0/0    10:34   0:13   0:00 
Cody Ceci                0  0  0  -1  0   0  1  6  0  0  0/0    15:49   0:00   3:10 
Eric Robinson            0  0  0   0  0   0  0  0  1  0  0/0     7:33   0:00   0:00 
Mackie Samoskevich       1  0  1   1  0   2  0  0  0  0  0/0     6:25   0:00   0:00 
Mario Ferraro            0  0  0  -2  2   0  2  1  0  0  0/0    15:56   0:00   2:01 
Nicolas Roy              0  1  1   1  0   1  0  0  0  0  4/4     9:48   0:00   3:04 
Quinton Byfield          0  1  1   0  0   5  1  0  1  0  2/3    17:49   5:30   0:00 
Ryan Hartman             0  0  0  -2  0   0  3  1  1  0  1/1    10:55   0:04   0:00 
Ryan Pulock              0  0  0  -1  0   2  1  0  1  0  0/0    21:55   5:17   3:10 
Sam Bennett              1  0  1   0  2   2  1  0  0  0  9/22   17:54   5:30   0:10 
Sam Malinski             0  0  0   0  0   1  3  5  0  0  0/0    18:14   5:17   0:03 
Scott Laughton           0  0  0  -2  0   2  0  0  0  0  3/14   13:16   0:00   2:54 
Troy Terry               0  0  0  -1  0   3  0  0  0  0  0/1    18:34   5:28   0:00 
Warren Foegele           0  0  0   0  0   5  1  0  0  1  0/2    20:38   5:25   2:54 
Wyatt Johnston           0  0  0   0  0   4  1  1  0  0  11/20  21:18   5:28   3:11 

Players Stats for Anaheim Ducks

Player Name              G  A  P  +/- PIM S  H  SB GA TA FO     MP     PP MP  PK MP  
------------------------------------------------------------------------------------
Alex Killorn             1  0  1   1  0   2  1  0  0  0  0/0    12:52   0:00   3:35 
Brayden Schenn           1  0  1   0  6   5  2  0  0  0  1/2    13:44   3:00   1:37 
Brenden Dillon           0  0  0   1  0   0  2  0  0  2  0/0    18:52   0:00   5:12 
Chandler Stephenson      0  0  0   0  0   2  1  0  0  0  8/14   20:46   0:00   6:47 
Conor Geekie             2  0  2   2  0   3  0  0  0  0  0/0     8:05   0:04   0:00 
Esa Lindell              0  0  0  -1  2   2  2  1  0  0  0/0    20:51   0:00   5:32 
Ivan Provorov            0  0  0   0  0   0  2  4  0  1  0/0    22:58   2:15   7:13 
J.T. Compher             0  0  0   1  0   2  3  0  0  1  5/9    17:19   0:04   6:51 
John Tavares             0  0  0   0  0   3  1  0  1  0  8/12   15:00   3:04   0:22 
Joshua Morrissey         0  1  1   2  0   6  2  2  0  0  0/0    17:25   3:53   0:18 
Mark Scheifele           0  0  0  -1  0   2  1  0  1  0  8/17   16:33   3:04   0:38 
Mason Marchment          0  0  0  -1  2   2  2  0  1  0  1/1    16:13   3:00   0:00 
Morgan Rielly            0  2  2   1  0   0  4  2  0  0  0/0    19:33   3:53   0:00 
Nazem Kadri              0  0  0   0  0   3  2  1  0  0  2/3    17:16   3:04   2:14 
Parker Kelly             0  2  2   2  0   4  1  0  1  1  3/6     7:43   0:00   0:00 
Philip Broberg           0  0  0   1  0   1  2  0  0  1  0/0    20:20   2:15   3:49 
Will Cuylle              0  1  1   2  2   9  1  0  0  0  1/1     7:42   0:00   0:00 
William Nylander         0  0  0   0  0   0  2  1  0  0  0/2    15:40   3:04   0:00 

3 Stars

1 - Conor Geekie (ANH)
2 - Morgan Rielly (ANH)
3 - Parker Kelly (ANH)

Power Play

Toronto Maple Leafs - 1 on 6 Attempt(s) - 16.67%
Anaheim Ducks - 1 on 4 Attempt(s) - 25.00%

Penalty Kill

Toronto Maple Leafs - 3 on 4 Attempt(s) - 75.00% - Score 0 goal in Penalty Kill
Anaheim Ducks - 5 on 6 Attempt(s) - 83.33% - Score 0 goal in Penalty Kill

Team Stat

Toronto Maple Leafs - Hits : 17 - Faceoff Wins : 30 - Blocked Shots : 20 - Penalty Minutes : 8
Anaheim Ducks - Hits : 31 - Faceoff Wins : 37 - Blocked Shots : 11 - Penalty Minutes : 12

Official

Referees : Garrett Rank and Dan O'Rourke
Linesman : Steve Barton and Matt MacPherson

Game Notes

Frederik Andersen is injured at 3:58 of 2nd period (Bruised Left Leg)
Matt Murray enters game at 3:58 of 2nd period
Alex Killorn has scored in a empty net!

Finance

Level 1 -- Attendance: 5069 (84.48%) -- Ticket Income $506,900
Level 2 -- Attendance: 3608 (72.16%) -- Ticket Income $216,480
Level 3 -- Attendance: 2100 (70.00%) -- Ticket Income $96,600
Level 4 -- Attendance: 3684 (73.68%) -- Ticket Income $92,100
Luxury Box -- Attendance: 774 (77.40%) -- Ticket Income $154,800
Game was played at the Honda Center.
Total Attendance: 15235 (76.18%)
Total Ticket Income: $1,066,880
Other Income: $373,408
Total Income: $1,440,288

Toronto Maple Leafs

5 vs 5 Forward 
   Center                   Left Wing                Right Wing               Time % Phy DF OF 
 1 Wyatt Johnston           Brady Tkachuk            Troy Terry               30     1   2  2  
 2 Sam Bennett              Quinton Byfield          Warren Foegele           30     1   2  2  
 3 Scott Laughton           Brandon Saad             Ryan Hartman             25     1   2  2  
 4 Nicolas Roy              Eric Robinson            Mackie Samoskevich       15     1   3  1  

5 vs 5 Defense 
   Defense                  Defense                                           Time % Phy DF OF 
 1 Ryan Pulock              Mario Ferraro                                     35     1   2  2  
 2 Aaron Ekblad             Bowen Byram                                       35     1   2  2  
 3 Cody Ceci                Sam Malinski                                      30     1   2  2  
 4 Ryan Pulock              Mario Ferraro                                     0      1   2  2  

PowerPlay Forward 
   Center                   Left Wing                Right Wing               Time % Phy DF OF 
 1 Wyatt Johnston           Brady Tkachuk            Troy Terry               50     1   2  2  
 2 Sam Bennett              Quinton Byfield          Warren Foegele           50     1   2  2  

PowerPlay Defense
   Defense                  Defense                                           Time % Phy DF OF 
 1 Aaron Ekblad             Bowen Byram                                       50     1   2  2  
 2 Ryan Pulock              Sam Malinski                                      50     1   2  2  

Penalty Kill 4 Players Forward 
   Center                   Wing                     Time % Phy DF OF 
 1 Scott Laughton           Warren Foegele           50     1   2  2  
 2 Wyatt Johnston           Nicolas Roy              50     1   2  2  

Penalty Kill 4 Players Defense
   Defense                  Defense                  Time % Phy DF OF 
 1 Mario Ferraro            Aaron Ekblad             50     1   2  2  
 2 Ryan Pulock              Cody Ceci                50     1   2  2  

Penalty Kill - 3 Players Forward 
   Forward                                           Time % Phy DF OF 
 1 Scott Laughton                                    50     1   2  2  
 2 Wyatt Johnston                                    50     1   2  2  

Penalty Kill - 3 Players Defense
   Defense                  Defense                  Time % Phy DF OF 
 1 Mario Ferraro            Aaron Ekblad             50     1   2  2  
 2 Ryan Pulock              Cody Ceci                50     1   2  2  

4 vs 4 Forward 
   Center                   Wing                     Time % Phy DF OF 
 1 Wyatt Johnston           Brady Tkachuk            50     1   2  2  
 2 Sam Bennett              Quinton Byfield          50     1   2  2  

4 vs 4 Defense
   Defense                  Defense                  Time % Phy DF OF 
 1 Aaron Ekblad             Bowen Byram              50     1   2  2  
 2 Ryan Pulock              Mario Ferraro            50     1   2  2  

Last Minutes Offensive
   Center                   Left Wing                Right Wing               Defense                  Defense                  
   Wyatt Johnston           Brady Tkachuk            Troy Terry               Aaron Ekblad             Bowen Byram              

Last Minutes Defensive
   Center                   Left Wing                Right Wing               Defense                  Defense                  
   Wyatt Johnston           Scott Laughton           Warren Foegele           Ryan Pulock              Mario Ferraro            

Goaltenders
Starting : Frederik Andersen        
Backup : Matt Murray              

Extra Forwards
Normal : Ryan Hartman, Eric Robinson, Mackie Samoskevich - PP : Brandon Saad, Ryan Hartman - PK : Sam Bennett
Extra Defensemen
Normal : Sam Malinski, Cody Ceci, Bowen Byram - PP : Mario Ferraro - PK : Bowen Byram, Sam Malinski
Penalty Shots
Troy Terry, Quinton Byfield, Wyatt Johnston, Nicolas Roy, Brady Tkachuk

Scratches
Nick Bjugstad (Healthy), Brendan Brisson (Healthy), Lucas Carlsson (Healthy), Lassi Thomson (Healthy), Joonas Korpisalo (Healthy)

Anaheim Ducks

5 vs 5 Forward 
   Center                   Left Wing                Right Wing               Time % Phy DF OF 
 1 John Tavares             Nazem Kadri              William Nylander         35     1   2  2  
 2 Mark Scheifele           Chandler Stephenson      Mason Marchment          35     1   2  2  
 3 J.T. Compher             Alex Killorn             Brayden Schenn           20     1   2  2  
 4 Parker Kelly             Will Cuylle              Conor Geekie             10     1   1  3  

5 vs 5 Defense 
   Defense                  Defense                                           Time % Phy DF OF 
 1 Esa Lindell              Morgan Rielly                                     37     1   2  2  
 2 Joshua Morrissey         Ivan Provorov                                     33     1   2  2  
 3 Philip Broberg           Brenden Dillon                                    30     1   2  2  
 4 Esa Lindell              Ivan Provorov                                     0      1   2  2  

PowerPlay Forward 
   Center                   Left Wing                Right Wing               Time % Phy DF OF 
 1 John Tavares             Nazem Kadri              William Nylander         50     1   0  4  
 2 Mark Scheifele           Mason Marchment          Brayden Schenn           50     1   0  4  

PowerPlay Defense
   Defense                  Defense                                           Time % Phy DF OF 
 1 Joshua Morrissey         Morgan Rielly                                     60     1   1  3  
 2 Ivan Provorov            Philip Broberg                                    40     1   2  2  

Penalty Kill 4 Players Forward 
   Center                   Wing                     Time % Phy DF OF 
 1 Chandler Stephenson      J.T. Compher             60     1   3  1  
 2 Brayden Schenn           Alex Killorn             40     1   3  1  

Penalty Kill 4 Players Defense
   Defense                  Defense                  Time % Phy DF OF 
 1 Esa Lindell              Ivan Provorov            60     1   4  0  
 2 Brenden Dillon           Philip Broberg           40     1   4  0  

Penalty Kill - 3 Players Forward 
   Forward                                           Time % Phy DF OF 
 1 Chandler Stephenson                               55     1   4  0  
 2 J.T. Compher                                      45     1   4  0  

Penalty Kill - 3 Players Defense
   Defense                  Defense                  Time % Phy DF OF 
 1 Esa Lindell              Ivan Provorov            60     1   4  0  
 2 Brenden Dillon           Philip Broberg           40     1   4  0  

4 vs 4 Forward 
   Center                   Wing                     Time % Phy DF OF 
 1 John Tavares             William Nylander         50     1   1  3  
 2 Mark Scheifele           Nazem Kadri              50     1   1  3  

4 vs 4 Defense
   Defense                  Defense                  Time % Phy DF OF 
 1 Esa Lindell              Morgan Rielly            60     1   2  2  
 2 Brenden Dillon           Ivan Provorov            40     1   2  2  

Last Minutes Offensive
   Center                   Left Wing                Right Wing               Defense                  Defense                  
   John Tavares             Nazem Kadri              William Nylander         Joshua Morrissey         Morgan Rielly            

Last Minutes Defensive
   Center                   Left Wing                Right Wing               Defense                  Defense                  
   Chandler Stephenson      Alex Killorn             J.T. Compher             Ivan Provorov            Esa Lindell              

Goaltenders
Starting : Linus Ullmark            
Backup : Alexandar Georgiev       

Extra Forwards
Normal : William Nylander, John Tavares, Mark Scheifele - PP : William Nylander, Mark Scheifele - PK : Chandler Stephenson
Extra Defensemen
Normal : Esa Lindell, Ivan Provorov, Morgan Rielly - PP : Morgan Rielly - PK : Esa Lindell, Ivan Provorov
Penalty Shots
Chandler Stephenson, Mark Scheifele, Brayden Schenn, Alex Killorn, William Nylander

Scratches
None


% Time on Ice - Toronto Maple Leafs

Lines # - Real PCT - Wanted PCT - Time Play
Normal Forward
1 - 30% - 30% - 12:34
2 - 31% - 30% - 13:11
3 - 24% - 25% - 10:05
4 - 15% - 15% - 6:11
Normal Defense
1 - 35% - 35% - 14:40
2 - 37% - 35% - 15:28
3 - 28% - 30% - 11:53
4 - 0% - 0% - 0:00
PP Forward
1 - 50% - 50% - 5:28
2 - 50% - 50% - 5:34
PP Defense
1 - 52% - 50% - 5:45
2 - 48% - 50% - 5:17
PK Forward
1 - 48% - 50% - 2:57
2 - 52% - 50% - 3:11
PK Defense
1 - 48% - 50% - 2:58
2 - 52% - 50% - 3:10
PK3 Forward
1 - 0% - 50%
2 - 0% - 50%
PK3 Defense
1 - 0% - 50%
2 - 0% - 50%
44 Forward
1 - 0% - 50%
2 - 0% - 50%
44 Defense
1 - 0% - 50%
2 - 0% - 50%
Last Minute Offensive  - 0:49
Last Minute Defensive  - 0:00
Total
Forward - 60:00
Defense - 60:00

% Time on Ice - Anaheim Ducks

Lines # - Real PCT - Wanted PCT - Time Play
Normal Forward
1 - 31% - 35% - 12:54
2 - 31% - 35% - 12:56
3 - 20% - 20% - 8:27
4 - 18% - 10% - 7:43
Normal Defense
1 - 37% - 37% - 15:31
2 - 33% - 33% - 13:45
3 - 30% - 30% - 12:30
4 - 1% - 0% - 0:14
PP Forward
1 - 50% - 50% - 3:04
2 - 50% - 50% - 3:04
PP Defense
1 - 63% - 60% - 3:53
2 - 37% - 40% - 2:15
PK Forward
1 - 68% - 60% - 7:27
2 - 32% - 40% - 3:35
PK Defense
1 - 68% - 60% - 7:31
2 - 32% - 40% - 3:31
PK3 Forward
1 - 0% - 55%
2 - 0% - 45%
PK3 Defense
1 - 0% - 60%
2 - 0% - 40%
44 Forward
1 - 0% - 50%
2 - 0% - 50%
44 Defense
1 - 0% - 60%
2 - 0% - 40%
Last Minute Offensive  - 0:00
Last Minute Defensive  - 0:50
Total
Forward - 60:00
Defense - 60:00

Play-by-Play

1st period


0:01 of 1st period - Nazem Kadri wins face-off versus Wyatt Johnston in neutral zone.
0:40 of 1st period - Joshua Morrissey is hit by Mario Ferraro.
1:16 of 1st period - Icing by Mario Ferraro.
1:17 of 1st period - John Tavares wins face-off versus Sam Bennett in Toronto Maple Leafs zone.
1:20 of 1st period - Wrist shot by John Tavares.
1:20 of 1st period - Shot Blocked by Bowen Byram.
1:22 of 1st period - Wrist shot by John Tavares.
1:22 of 1st period - Stopped by Frederik Andersen without a rebound.
1:23 of 1st period - J.T. Compher wins face-off versus Scott Laughton in Toronto Maple Leafs zone.
2:12 of 1st period - Wrist shot by Will Cuylle.
2:12 of 1st period - Stopped by Frederik Andersen without a rebound.
2:13 of 1st period - Wyatt Johnston wins face-off versus Parker Kelly in Toronto Maple Leafs zone.
2:50 of 1st period - Wrist shot by Mason Marchment.
2:50 of 1st period - Shot Misses the Net.
2:52 of 1st period - Wrist shot by Esa Lindell.
2:52 of 1st period - Stopped by Frederik Andersen with a rebound.
2:54 of 1st period - Slapshot by Esa Lindell.
2:54 of 1st period - Shot Blocked by Sam Malinski.
3:24 of 1st period - Warren Foegele is hit by Brayden Schenn and loses puck.
3:29 of 1st period - Wrist shot by Brayden Schenn.
3:29 of 1st period - Stopped by Frederik Andersen with a rebound.
3:51 of 1st period - Slapshot by Will Cuylle.
3:51 of 1st period - Stopped by Frederik Andersen with a rebound.
3:53 of 1st period - Wrist shot by Will Cuylle.
3:53 of 1st period - Stopped by Frederik Andersen with a rebound.
4:03 of 1st period - Chandler Stephenson is hit by Ryan Hartman.
4:07 of 1st period - Aaron Ekblad is hit by Mason Marchment and loses puck.
4:26 of 1st period - Ryan Pulock is hit by William Nylander and loses puck.
4:49 of 1st period - Ivan Provorov is hit by Sam Bennett and loses puck.
5:17 of 1st period - Snap shot by Will Cuylle.
5:17 of 1st period - Shot Misses the Net.
5:33 of 1st period - Snap shot by Brandon Saad.
5:33 of 1st period - Stopped by Linus Ullmark without a rebound.
5:34 of 1st period - Wyatt Johnston wins face-off versus John Tavares in Anaheim Ducks zone.
5:39 of 1st period - Snap shot by Wyatt Johnston.
5:39 of 1st period - Stopped by Linus Ullmark with a rebound.
5:41 of 1st period - Snap shot by Ryan Pulock.
5:41 of 1st period - Stopped by Linus Ullmark without a rebound.
5:42 of 1st period - Wyatt Johnston wins face-off versus John Tavares in Anaheim Ducks zone.
6:15 of 1st period - Snap shot by Brady Tkachuk.
6:15 of 1st period - Shot Blocked by William Nylander.
6:17 of 1st period - Wrist shot by Wyatt Johnston.
6:17 of 1st period - Stopped by Linus Ullmark without a rebound.
6:18 of 1st period - Mark Scheifele wins face-off versus Scott Laughton in Anaheim Ducks zone.
7:12 of 1st period - Wrist shot by Conor Geekie.
7:12 of 1st period - Stopped by Frederik Andersen without a rebound.
7:13 of 1st period - Mark Scheifele wins face-off versus Scott Laughton in Toronto Maple Leafs zone.
7:26 of 1st period - Wrist shot by Mark Scheifele.
7:26 of 1st period - Stopped by Frederik Andersen without a rebound.
7:27 of 1st period - Quinton Byfield wins face-off versus John Tavares in Toronto Maple Leafs zone.
7:36 of 1st period - Snap shot by Quinton Byfield.
7:36 of 1st period - Stopped by Linus Ullmark with a rebound.
7:38 of 1st period - Slapshot by Warren Foegele.
7:38 of 1st period - Stopped by Linus Ullmark with a rebound.
7:40 of 1st period - Snap shot by Ryan Pulock.
7:40 of 1st period - Shot Blocked by Joshua Morrissey.
7:42 of 1st period - Wrist shot by Mario Ferraro.
7:42 of 1st period - Shot Blocked by Joshua Morrissey.
8:52 of 1st period - Wrist shot by Quinton Byfield.
8:52 of 1st period - Stopped by Linus Ullmark with a rebound.
9:05 of 1st period - Icing by Joshua Morrissey.
9:06 of 1st period - Mark Scheifele wins face-off versus Scott Laughton in Anaheim Ducks zone.
9:15 of 1st period - Brandon Saad is hit by Mark Scheifele and loses puck.
9:38 of 1st period - Wrist shot by Mason Marchment.
9:38 of 1st period - Stopped by Frederik Andersen without a rebound.
9:39 of 1st period - John Tavares wins face-off versus Troy Terry in Toronto Maple Leafs zone.
9:45 of 1st period - Off-side.
9:46 of 1st period - John Tavares wins face-off versus Wyatt Johnston in neutral zone.
10:01 of 1st period - Wrist shot by Brady Tkachuk.
10:01 of 1st period - Deflect By Wyatt Johnston.
10:01 of 1st period - Shot Misses the Net.
10:01 of 1st period - Puck is out of play.
10:02 of 1st period - J.T. Compher wins face-off versus Sam Bennett in Anaheim Ducks zone.
10:04 of 1st period - Minor Penalty to Brayden Schenn for Tripping.
10:05 of 1st period - Wyatt Johnston wins face-off versus Chandler Stephenson in Anaheim Ducks zone.
10:14 of 1st period - Off-side.
10:15 of 1st period - Chandler Stephenson wins face-off versus Wyatt Johnston in neutral zone.
10:46 of 1st period - Snap shot by Sam Bennett.
10:46 of 1st period - Shot Misses the Net.
11:22 of 1st period - Sam Bennett is hit by Esa Lindell and loses puck.
11:39 of 1st period - Bowen Byram is hit by Esa Lindell and loses puck.
12:04 of 1st period - Penalty to Brayden Schenn is over, Brayden Schenn is back on ice.
12:16 of 1st period - Wrist shot by Brandon Saad.
12:16 of 1st period - Shot Misses the Net.
12:48 of 1st period - Minor Penalty to Esa Lindell for Interference.
12:49 of 1st period - Chandler Stephenson wins face-off versus Sam Bennett in Anaheim Ducks zone.
12:58 of 1st period - Off-side.
12:59 of 1st period - Chandler Stephenson wins face-off versus Sam Bennett in neutral zone.
13:08 of 1st period - Slapshot by Chandler Stephenson.
13:08 of 1st period - Stopped by Frederik Andersen with a rebound.
13:10 of 1st period - Snap shot by J.T. Compher.
13:10 of 1st period - Stopped by Frederik Andersen with a rebound.
13:12 of 1st period - Slapshot by J.T. Compher.
13:12 of 1st period - Shot Misses the Net.
13:34 of 1st period - Slapshot by Troy Terry.
13:34 of 1st period - Deflect By Alex Killorn.
13:34 of 1st period - Stopped by Linus Ullmark without a rebound.
13:35 of 1st period - Chandler Stephenson wins face-off versus Wyatt Johnston in Anaheim Ducks zone.
13:40 of 1st period - Wyatt Johnston is hit by Ivan Provorov.
13:44 of 1st period - Brenden Dillon is hit by Sam Malinski.
13:50 of 1st period - Wyatt Johnston is hit by J.T. Compher and loses puck.
14:15 of 1st period - Wrist shot by Brady Tkachuk.
14:15 of 1st period - Shot Misses the Net.
14:17 of 1st period - Snap shot by Troy Terry.
14:17 of 1st period - Stopped by Linus Ullmark without a rebound.
14:18 of 1st period - Chandler Stephenson wins face-off versus Quinton Byfield in Anaheim Ducks zone.
14:26 of 1st period - Off-side.
14:27 of 1st period - Sam Bennett wins face-off versus Brayden Schenn in neutral zone.
14:46 of 1st period - Bowen Byram is hit by J.T. Compher and loses puck.
14:48 of 1st period - Penalty to Esa Lindell is over, Esa Lindell is back on ice.
14:55 of 1st period - Quinton Byfield is hit by J.T. Compher and loses puck.
15:16 of 1st period - Off-side.
15:17 of 1st period - Will Cuylle wins face-off versus Wyatt Johnston in neutral zone.
15:28 of 1st period - Snap shot by Will Cuylle.
15:28 of 1st period - Stopped by Frederik Andersen with a rebound.
15:51 of 1st period - Backhand shot by John Tavares.
15:51 of 1st period - Stopped by Frederik Andersen with a rebound.
16:05 of 1st period - Snap shot by Nazem Kadri.
16:05 of 1st period - Shot Blocked by Mario Ferraro.
16:45 of 1st period - Off-side.
16:46 of 1st period - Quinton Byfield wins face-off versus Parker Kelly in neutral zone.
16:54 of 1st period - Bowen Byram is hit by Parker Kelly and loses puck.
17:23 of 1st period - Snap shot by Nazem Kadri.
17:23 of 1st period - Stopped by Frederik Andersen without a rebound.
17:24 of 1st period - J.T. Compher wins face-off versus Sam Bennett in Toronto Maple Leafs zone.
17:25 of 1st period - Snap shot by Brayden Schenn.
17:25 of 1st period - Shot Misses the Net.
17:27 of 1st period - Wrist shot by Alex Killorn.
17:27 of 1st period - Deflect By Cody Ceci.
17:27 of 1st period - Stopped by Frederik Andersen with a rebound.
17:29 of 1st period - Slapshot by Brenden Dillon.
17:29 of 1st period - Shot Misses the Net.
17:33 of 1st period - Slapshot by Brayden Schenn.
17:33 of 1st period - Shot Misses the Net.
17:49 of 1st period - Cody Ceci is hit by John Tavares and loses puck.
18:16 of 1st period - Chandler Stephenson is hit by Ryan Hartman and loses puck.
18:51 of 1st period - Snap shot by Brayden Schenn.
18:51 of 1st period - Stopped by Frederik Andersen with a rebound.
19:31 of 1st period - Cody Ceci is hit by Mason Marchment and loses puck.
19:48 of 1st period - Brandon Saad is hit by Will Cuylle and loses puck.
Goals for this period are 0 for Toronto Maple Leafs vs 0 for Anaheim Ducks.
Shots for this period are 9 for Toronto Maple Leafs vs 16 for Anaheim Ducks.

2nd period


0:01 of 2nd period - John Tavares wins face-off versus Sam Bennett in neutral zone.
0:08 of 2nd period - Snap shot by Sam Bennett.
0:08 of 2nd period - Shot Misses the Net.
0:10 of 2nd period - Wrist shot by Aaron Ekblad.
0:10 of 2nd period - Shot Misses the Net.
0:37 of 2nd period - Snap shot by Brady Tkachuk.
0:37 of 2nd period - Stopped by Linus Ullmark without a rebound.
0:38 of 2nd period - Sam Bennett wins face-off versus J.T. Compher in Anaheim Ducks zone.
0:39 of 2nd period - Slapshot by Quinton Byfield.
0:39 of 2nd period - Stopped by Linus Ullmark with a rebound.
0:53 of 2nd period - Wrist shot by Quinton Byfield.
0:53 of 2nd period - Stopped by Linus Ullmark with a rebound.
1:12 of 2nd period - Snap shot by William Nylander.
1:12 of 2nd period - Shot Blocked by Wyatt Johnston.
1:14 of 2nd period - Slapshot by Brenden Dillon.
1:14 of 2nd period - Shot Blocked by Brady Tkachuk.
1:16 of 2nd period - Slapshot by Brenden Dillon.
1:16 of 2nd period - Shot Blocked by Cody Ceci.
1:38 of 2nd period - Off-side.
1:39 of 2nd period - Chandler Stephenson wins face-off versus Sam Bennett in neutral zone.
2:11 of 2nd period - Wyatt Johnston is hit by Morgan Rielly and loses puck.
2:32 of 2nd period - Snap shot by Will Cuylle.
2:32 of 2nd period - Stopped by Frederik Andersen without a rebound.
2:33 of 2nd period - Parker Kelly wins face-off versus Sam Bennett in Toronto Maple Leafs zone.
2:36 of 2nd period - Snap shot by Conor Geekie.
2:36 of 2nd period - Deflect By Will Cuylle.
2:36 of 2nd period - Stopped by Frederik Andersen with a rebound.
2:38 of 2nd period - Wrist shot by Parker Kelly.
2:38 of 2nd period - Stopped by Frederik Andersen without a rebound.
2:39 of 2nd period - Mark Scheifele wins face-off versus Warren Foegele in Toronto Maple Leafs zone.
3:56 of 2nd period - Snap shot by Will Cuylle.
3:56 of 2nd period - Shot Misses the Net.
3:58 of 2nd period - Wrist shot by Will Cuylle.
3:58 of 2nd period - Stopped by Frederik Andersen with a rebound.
3:58 of 2nd period - Frederik Andersen from Toronto Maple Leafs is injured at 3:58 of 2nd period (Bruised Left Leg).
3:58 of 2nd period - Matt Murray enters game.
3:59 of 2nd period - Mark Scheifele wins face-off versus Sam Bennett in Toronto Maple Leafs zone.
4:04 of 2nd period - Snap shot by Mason Marchment.
4:04 of 2nd period - Stopped by Matt Murray with a rebound.
4:24 of 2nd period - Ryan Pulock is hit by Nazem Kadri and loses puck.
4:35 of 2nd period - Snap shot by Nazem Kadri.
4:35 of 2nd period - Stopped by Matt Murray without a rebound.
4:36 of 2nd period - Sam Bennett wins face-off versus J.T. Compher in Toronto Maple Leafs zone.
4:43 of 2nd period - Snap shot by Warren Foegele.
4:43 of 2nd period - Stopped by Linus Ullmark with a rebound.
4:45 of 2nd period - Wrist shot by Warren Foegele.
4:45 of 2nd period - Stopped by Linus Ullmark without a rebound.
4:46 of 2nd period - Sam Bennett wins face-off versus J.T. Compher in Anaheim Ducks zone.
4:57 of 2nd period - Snap shot by Quinton Byfield.
4:57 of 2nd period - Shot Blocked by Ivan Provorov.
5:07 of 2nd period - Snap shot by Brayden Schenn.
5:07 of 2nd period - Stopped by Matt Murray with a rebound.
5:11 of 2nd period - Wrist shot by Brayden Schenn.
5:11 of 2nd period - Shot Blocked by Aaron Ekblad.
5:13 of 2nd period - Slapshot by Philip Broberg.
5:13 of 2nd period - Stopped by Matt Murray with a rebound.
5:15 of 2nd period - Slapshot by Alex Killorn.
5:15 of 2nd period - Shot Blocked by Bowen Byram.
5:20 of 2nd period - Minor Penalty to Aaron Ekblad for Roughing.
5:21 of 2nd period - Nicolas Roy wins face-off versus John Tavares in Toronto Maple Leafs zone.
5:27 of 2nd period - Snap shot by Wyatt Johnston.
5:27 of 2nd period - Shot Blocked by Morgan Rielly.
5:29 of 2nd period - Backhand shot by Wyatt Johnston.
5:29 of 2nd period - Stopped by Linus Ullmark with a rebound.
5:31 of 2nd period - Slapshot by Nicolas Roy.
5:31 of 2nd period - Stopped by Linus Ullmark with a rebound.
5:33 of 2nd period - Snap shot by Bowen Byram.
5:33 of 2nd period - Stopped by Linus Ullmark with a rebound.
5:35 of 2nd period - Slapshot by Bowen Byram.
5:35 of 2nd period - Shot Blocked by Morgan Rielly.
5:37 of 2nd period - Snap shot by Mario Ferraro.
5:37 of 2nd period - Shot Misses the Net.
5:47 of 2nd period - Scott Laughton is hit by Brayden Schenn.
7:20 of 2nd period - Penalty to Aaron Ekblad is over, Aaron Ekblad is back on ice.
7:32 of 2nd period - Wrist shot by Conor Geekie.
7:32 of 2nd period - Shot Blocked by Ryan Hartman.
7:34 of 2nd period - Slapshot by Parker Kelly.
7:34 of 2nd period - Shot Misses the Net.
7:36 of 2nd period - Slapshot by Parker Kelly.
7:36 of 2nd period - Stopped by Matt Murray with a rebound.
7:38 of 2nd period - Slapshot by Morgan Rielly.
7:38 of 2nd period - Shot Blocked by Bowen Byram.
8:10 of 2nd period - Off-side.
8:11 of 2nd period - Wyatt Johnston wins face-off versus William Nylander in neutral zone.
8:18 of 2nd period - Slapshot by Troy Terry.
8:18 of 2nd period - Shot Blocked by Ivan Provorov.
8:22 of 2nd period - Snap shot by Wyatt Johnston.
8:22 of 2nd period - Stopped by Linus Ullmark without a rebound.
8:23 of 2nd period - Nicolas Roy wins face-off versus Mark Scheifele in Anaheim Ducks zone.
8:24 of 2nd period - Slapshot by Mackie Samoskevich.
8:24 of 2nd period - Goal by Mackie Samoskevich - Toronto Maple Leafs : 1 - Anaheim Ducks : 0.
8:25 of 2nd period - Wyatt Johnston wins face-off versus Nazem Kadri in neutral zone.
8:30 of 2nd period - Joshua Morrissey is hit by Cody Ceci.
8:34 of 2nd period - Cody Ceci is hit by Joshua Morrissey.
8:42 of 2nd period - Slapshot by Wyatt Johnston.
8:42 of 2nd period - Shot Blocked by Nazem Kadri.
9:07 of 2nd period - Minor Penalty to Mason Marchment for Tripping.
9:08 of 2nd period - Wyatt Johnston wins face-off versus Chandler Stephenson in Anaheim Ducks zone.
9:13 of 2nd period - Snap shot by Wyatt Johnston.
9:13 of 2nd period - Shot Misses the Net.
9:40 of 2nd period - Off-side.
9:41 of 2nd period - Brayden Schenn wins face-off versus Sam Bennett in neutral zone.
10:06 of 2nd period - Brady Tkachuk is hit by Philip Broberg and loses puck.
11:07 of 2nd period - Penalty to Mason Marchment is over, Mason Marchment is back on ice.
11:16 of 2nd period - Snap shot by Mackie Samoskevich.
11:16 of 2nd period - Stopped by Linus Ullmark with a rebound.
11:38 of 2nd period - Brandon Saad is hit by Brenden Dillon and loses puck.
12:00 of 2nd period - Brady Tkachuk is hit by Morgan Rielly and loses puck.
12:11 of 2nd period - Wrist shot by Nazem Kadri.
12:11 of 2nd period - Stopped by Matt Murray without a rebound.
12:12 of 2nd period - Parker Kelly wins face-off versus Scott Laughton in Toronto Maple Leafs zone.
12:15 of 2nd period - Snap shot by Will Cuylle.
12:15 of 2nd period - Shot Misses the Net.
12:17 of 2nd period - Slapshot by Joshua Morrissey.
12:17 of 2nd period - Deflect By Parker Kelly.
12:17 of 2nd period - Stopped by Matt Murray without a rebound.
12:18 of 2nd period - Parker Kelly wins face-off versus Scott Laughton in Toronto Maple Leafs zone.
12:19 of 2nd period - Slapshot by Joshua Morrissey.
12:19 of 2nd period - Stopped by Matt Murray with a rebound.
12:21 of 2nd period - Slapshot by Joshua Morrissey.
12:21 of 2nd period - Stopped by Matt Murray with a rebound.
12:23 of 2nd period - Snap shot by Parker Kelly.
12:23 of 2nd period - Shot Blocked by Brandon Saad.
12:25 of 2nd period - Snap shot by Parker Kelly.
12:25 of 2nd period - Stopped by Matt Murray with a rebound.
12:27 of 2nd period - Snap shot by Conor Geekie.
12:27 of 2nd period - Goal by Conor Geekie - Toronto Maple Leafs : 1 - Anaheim Ducks : 1.
12:28 of 2nd period - Mark Scheifele wins face-off versus Sam Bennett in neutral zone.
12:38 of 2nd period - Minor Penalty to Sam Bennett for Tripping.
12:39 of 2nd period - Scott Laughton wins face-off versus Mark Scheifele in Toronto Maple Leafs zone.
12:49 of 2nd period - Slapshot by Morgan Rielly.
12:49 of 2nd period - Deflect By Brayden Schenn.
12:49 of 2nd period - Goal by Brayden Schenn - Toronto Maple Leafs : 1 - Anaheim Ducks : 2.
12:50 of 2nd period - Wyatt Johnston wins face-off versus Mark Scheifele in neutral zone.
12:53 of 2nd period - Snap shot by Troy Terry.
12:53 of 2nd period - Stopped by Linus Ullmark with a rebound.
14:05 of 2nd period - Wrist shot by Wyatt Johnston.
14:05 of 2nd period - Deflect By Brady Tkachuk.
14:05 of 2nd period - Stopped by Linus Ullmark without a rebound.
14:06 of 2nd period - Sam Bennett wins face-off versus Mark Scheifele in Anaheim Ducks zone.
15:15 of 2nd period - Will Cuylle is hit by Quinton Byfield.
16:04 of 2nd period - Warren Foegele is hit by Alex Killorn.
16:54 of 2nd period - Snap shot by John Tavares.
16:54 of 2nd period - Stopped by Matt Murray without a rebound.
16:55 of 2nd period - J.T. Compher wins face-off versus Scott Laughton in Toronto Maple Leafs zone.
16:56 of 2nd period - Snap shot by Brayden Schenn.
16:56 of 2nd period - Shot Blocked by Sam Malinski.
16:58 of 2nd period - Wrist shot by Joshua Morrissey.
16:58 of 2nd period - Stopped by Matt Murray with a rebound.
17:00 of 2nd period - Slapshot by Joshua Morrissey.
17:00 of 2nd period - Shot Blocked by Cody Ceci.
17:02 of 2nd period - Wrist shot by Brayden Schenn.
17:02 of 2nd period - Shot Misses the Net.
17:04 of 2nd period - Slapshot by Brayden Schenn.
17:04 of 2nd period - Shot Misses the Net.
17:06 of 2nd period - Slapshot by Ivan Provorov.
17:06 of 2nd period - Shot Misses the Net.
17:08 of 2nd period - Snap shot by Alex Killorn.
17:08 of 2nd period - Shot Blocked by Sam Malinski.
17:10 of 2nd period - Snap shot by J.T. Compher.
17:10 of 2nd period - Stopped by Matt Murray with a rebound.
18:24 of 2nd period - Ryan Pulock is hit by Morgan Rielly and loses puck.
18:31 of 2nd period - Snap shot by Will Cuylle.
18:31 of 2nd period - Stopped by Matt Murray with a rebound.
18:33 of 2nd period - Snap shot by Parker Kelly.
18:33 of 2nd period - Deflect By Conor Geekie.
18:33 of 2nd period - Goal by Conor Geekie - Toronto Maple Leafs : 1 - Anaheim Ducks : 3.
18:34 of 2nd period - Sam Bennett wins face-off versus Mark Scheifele in neutral zone.
19:01 of 2nd period - William Nylander is hit by Sam Malinski and loses puck.
19:10 of 2nd period - Wrist shot by William Nylander.
19:10 of 2nd period - Shot Blocked by Sam Malinski.
19:12 of 2nd period - Wrist shot by William Nylander.
19:12 of 2nd period - Shot Misses the Net.
19:28 of 2nd period - Slapshot by Joshua Morrissey.
19:28 of 2nd period - Shot Blocked by Cody Ceci.
Goals for this period are 1 for Toronto Maple Leafs vs 3 for Anaheim Ducks.
Shots for this period are 13 for Toronto Maple Leafs vs 21 for Anaheim Ducks.

3rd period


0:01 of 3rd period - Mark Scheifele wins face-off versus Warren Foegele in neutral zone.
0:26 of 3rd period - Morgan Rielly is hit by Brady Tkachuk.
0:32 of 3rd period - Snap shot by William Nylander.
0:32 of 3rd period - Shot Misses the Net.
0:35 of 3rd period - Icing by Brady Tkachuk.
0:36 of 3rd period - Mark Scheifele wins face-off versus Wyatt Johnston in Toronto Maple Leafs zone.
1:05 of 3rd period - J.T. Compher is hit by Mario Ferraro and loses puck.
1:25 of 3rd period - Minor Penalty to Mario Ferraro for Tripping.
1:26 of 3rd period - John Tavares wins face-off versus Scott Laughton in Toronto Maple Leafs zone.
1:56 of 3rd period - Slapshot by Joshua Morrissey.
1:56 of 3rd period - Deflect By Wyatt Johnston.
1:56 of 3rd period - Stopped by Matt Murray with a rebound.
1:58 of 3rd period - Slapshot by Brayden Schenn.
1:58 of 3rd period - Stopped by Matt Murray without a rebound.
1:59 of 3rd period - Wyatt Johnston wins face-off versus Mark Scheifele in Toronto Maple Leafs zone.
2:10 of 3rd period - Slapshot by Philip Broberg.
2:10 of 3rd period - Deflect By Mark Scheifele.
2:10 of 3rd period - Shot Misses the Net.
2:10 of 3rd period - Puck is out of play.
2:11 of 3rd period - Scott Laughton wins face-off versus William Nylander in Toronto Maple Leafs zone.
3:00 of 3rd period - Snap shot by Scott Laughton.
3:00 of 3rd period - Stopped by Linus Ullmark without a rebound.
3:01 of 3rd period - John Tavares wins face-off versus Scott Laughton in Anaheim Ducks zone.
3:25 of 3rd period - Penalty to Mario Ferraro is over, Mario Ferraro is back on ice.
3:47 of 3rd period - Slapshot by Will Cuylle.
3:47 of 3rd period - Shot Misses the Net.
3:49 of 3rd period - Wrist shot by Will Cuylle.
3:49 of 3rd period - Shot Misses the Net.
3:51 of 3rd period - Snap shot by Will Cuylle.
3:51 of 3rd period - Stopped by Matt Murray with a rebound.
3:53 of 3rd period - Snap shot by Esa Lindell.
3:53 of 3rd period - Stopped by Matt Murray with a rebound.
3:55 of 3rd period - Wrist shot by Esa Lindell.
3:55 of 3rd period - Shot Misses the Net.
4:11 of 3rd period - Snap shot by Bowen Byram.
4:11 of 3rd period - Shot Misses the Net.
4:23 of 3rd period - Minor Penalty to Brayden Schenn for High sticking.
4:24 of 3rd period - Wyatt Johnston wins face-off versus Chandler Stephenson in Anaheim Ducks zone.
5:03 of 3rd period - Off-side.
5:04 of 3rd period - Nazem Kadri wins face-off versus Wyatt Johnston in neutral zone.
5:07 of 3rd period - Brady Tkachuk is hit by Brenden Dillon and loses puck.
5:37 of 3rd period - Snap shot by Sam Bennett.
5:37 of 3rd period - Shot Misses the Net.
5:39 of 3rd period - Snap shot by Warren Foegele.
5:39 of 3rd period - Stopped by Linus Ullmark with a rebound.
5:41 of 3rd period - Wrist shot by Sam Bennett.
5:41 of 3rd period - Shot Misses the Net.
5:43 of 3rd period - Snap shot by Sam Bennett.
5:43 of 3rd period - Shot Misses the Net.
5:45 of 3rd period - Snap shot by Ryan Pulock.
5:45 of 3rd period - Stopped by Linus Ullmark without a rebound.
5:46 of 3rd period - Chandler Stephenson wins face-off versus Sam Bennett in Anaheim Ducks zone.
6:01 of 3rd period - Slapshot by Sam Bennett.
6:01 of 3rd period - Stopped by Linus Ullmark with a rebound.
6:23 of 3rd period - Penalty to Brayden Schenn is over, Brayden Schenn is back on ice.
6:49 of 3rd period - Slapshot by Chandler Stephenson.
6:49 of 3rd period - Deflect By Nazem Kadri.
6:49 of 3rd period - Shot Blocked by Sam Malinski.
6:49 of 3rd period - Puck is out of play.
6:50 of 3rd period - Nicolas Roy wins face-off versus Parker Kelly in Toronto Maple Leafs zone.
7:04 of 3rd period - Minor Penalty to Bowen Byram for Holding Stick.
7:05 of 3rd period - Mason Marchment wins face-off versus Scott Laughton in Toronto Maple Leafs zone.
7:17 of 3rd period - Slapshot by Joshua Morrissey.
7:17 of 3rd period - Stopped by Matt Murray with a rebound.
7:19 of 3rd period - Slapshot by Joshua Morrissey.
7:19 of 3rd period - Stopped by Matt Murray without a rebound.
7:20 of 3rd period - John Tavares wins face-off versus Wyatt Johnston in Toronto Maple Leafs zone.
7:37 of 3rd period - Snap shot by Nazem Kadri.
7:37 of 3rd period - Shot Blocked by Cody Ceci.
7:47 of 3rd period - Ryan Pulock is hit by Morgan Rielly and loses puck.
9:04 of 3rd period - Penalty to Bowen Byram is over, Bowen Byram is back on ice.
9:29 of 3rd period - Esa Lindell is hit by Ryan Hartman and loses puck.
10:21 of 3rd period - Troy Terry is hit by Chandler Stephenson and loses puck.
10:38 of 3rd period - Quinton Byfield is hit by Nazem Kadri and loses puck.
10:58 of 3rd period - Backhand shot by Troy Terry.
10:58 of 3rd period - Shot Misses the Net.
11:51 of 3rd period - Minor Penalty to Will Cuylle for Tripping.
11:52 of 3rd period - Wyatt Johnston wins face-off versus Chandler Stephenson in Anaheim Ducks zone.
11:53 of 3rd period - Wrist shot by Troy Terry.
11:53 of 3rd period - Shot Blocked by Ivan Provorov.
11:55 of 3rd period - Slapshot by Sam Malinski.
11:55 of 3rd period - Shot Blocked by Esa Lindell.
11:57 of 3rd period - Wrist shot by Brady Tkachuk.
11:57 of 3rd period - Deflect By Wyatt Johnston.
11:57 of 3rd period - Shot Misses the Net.
11:57 of 3rd period - Puck is out of play.
11:58 of 3rd period - Chandler Stephenson wins face-off versus Wyatt Johnston in Anaheim Ducks zone.
12:13 of 3rd period - Ivan Provorov is hit by Wyatt Johnston and loses puck.
12:26 of 3rd period - Snap shot by Ryan Pulock.
12:26 of 3rd period - Shot Misses the Net.
12:42 of 3rd period - Snap shot by Quinton Byfield.
12:42 of 3rd period - Shot Misses the Net.
12:44 of 3rd period - Snap shot by Warren Foegele.
12:44 of 3rd period - Stopped by Linus Ullmark with a rebound.
12:46 of 3rd period - Wrist shot by Quinton Byfield.
12:46 of 3rd period - Deflect By Sam Bennett.
12:46 of 3rd period - Shot Misses the Net.
12:46 of 3rd period - Puck is out of play.
12:47 of 3rd period - Sam Bennett wins face-off versus Chandler Stephenson in Anaheim Ducks zone.
12:54 of 3rd period - Slapshot by Quinton Byfield.
12:54 of 3rd period - Shot Misses the Net.
12:56 of 3rd period - Snap shot by Sam Bennett.
12:56 of 3rd period - Shot Misses the Net.
12:58 of 3rd period - Snap shot by Sam Bennett.
12:58 of 3rd period - Goal by Sam Bennett - Toronto Maple Leafs : 2 - Anaheim Ducks : 3.
12:59 of 3rd period - Sam Bennett wins face-off versus Mark Scheifele in neutral zone.
13:12 of 3rd period - Wrist shot by Chandler Stephenson.
13:12 of 3rd period - Stopped by Matt Murray with a rebound.
13:16 of 3rd period - Snap shot by Mark Scheifele.
13:16 of 3rd period - Stopped by Matt Murray with a rebound.
13:26 of 3rd period - William Nylander is hit by Aaron Ekblad and loses puck.
13:33 of 3rd period - Wrist shot by Ryan Hartman.
13:33 of 3rd period - Shot Blocked by Ivan Provorov.
13:35 of 3rd period - Slapshot by Sam Malinski.
13:35 of 3rd period - Deflect By William Nylander.
13:35 of 3rd period - Stopped by Linus Ullmark without a rebound.
13:36 of 3rd period - Scott Laughton wins face-off versus Mark Scheifele in Anaheim Ducks zone.
14:08 of 3rd period - Mark Scheifele is hit by Sam Malinski and loses puck.
14:30 of 3rd period - Icing by Warren Foegele.
14:31 of 3rd period - John Tavares wins face-off versus Sam Bennett in Toronto Maple Leafs zone.
14:44 of 3rd period - Warren Foegele is hit by Ivan Provorov and loses puck.
14:53 of 3rd period - Bowen Byram is hit by William Nylander.
14:57 of 3rd period - Joshua Morrissey is hit by Warren Foegele and loses puck.
15:26 of 3rd period - Backhand shot by Nazem Kadri.
15:26 of 3rd period - Shot Misses the Net.
15:32 of 3rd period - Snap shot by Quinton Byfield.
15:32 of 3rd period - Stopped by Linus Ullmark without a rebound.
15:33 of 3rd period - J.T. Compher wins face-off versus Scott Laughton in Anaheim Ducks zone.
15:48 of 3rd period - Icing by Brenden Dillon.
15:49 of 3rd period - Nicolas Roy wins face-off versus J.T. Compher in Anaheim Ducks zone.
15:57 of 3rd period - Minor Penalty to Brayden Schenn for Goalie Interference.
15:58 of 3rd period - Sam Bennett wins face-off versus Chandler Stephenson in Anaheim Ducks zone.
16:27 of 3rd period - J.T. Compher is hit by Aaron Ekblad.
17:57 of 3rd period - Penalty to Brayden Schenn is over, Brayden Schenn is back on ice.
18:09 of 3rd period - Esa Lindell is hit by Ryan Pulock and loses puck.
18:35 of 3rd period - Toronto Maple Leafs, Matt Murray is pulled from the net.
18:41 of 3rd period - Cody Ceci is hit by Philip Broberg.
19:13 of 3rd period - Cody Ceci is hit by Joshua Morrissey and loses puck.
19:22 of 3rd period - Wrist shot by Brady Tkachuk.
19:22 of 3rd period - Shot Misses the Net.
19:28 of 3rd period - Slapshot by Morgan Rielly.
19:28 of 3rd period - Shot Blocked by Cody Ceci.
19:32 of 3rd period - Backhand shot by Alex Killorn.
19:32 of 3rd period - Shot Blocked by Cody Ceci.
19:34 of 3rd period - Wrist shot by Alex Killorn.
19:34 of 3rd period - Goal by Alex Killorn - Toronto Maple Leafs : 2 - Anaheim Ducks : 4.
19:34 of 3rd period - Matt Murray from Toronto Maple Leafs was sent back in the game.
19:35 of 3rd period - Ryan Hartman wins face-off versus Mark Scheifele in neutral zone.
19:44 of 3rd period - Wrist shot by Scott Laughton.
19:44 of 3rd period - Stopped by Linus Ullmark with a rebound.
Goals for this period are 1 for Toronto Maple Leafs vs 1 for Anaheim Ducks.
Shots for this period are 9 for Toronto Maple Leafs vs 9 for Anaheim Ducks.